 Dungeon Crawl Stone Soup version 0.30-a0-916-g9813417 (webtiles) character file.

Game seed: 5388895955872164434

303358 jagoly the Marksant (level 22, -5/187 HPs)
             Began as a Formicid Hunter on Apr 9, 2023.
             Was the Champion of Fedhas.
             Killed by a resonance strike
             ... invoked by a ragged hierophant
              (25 damage)
             ... in the Desolation of Salt.
             The game lasted 04:13:18 (38160 turns).

jagoly the Marksant (Formicid Hunter)              Turns: 38160, Time: 04:13:20

Health: -5/187     AC: 16    Str: 16    XL:     22   Next: 0%
Magic:  18/41      EV: 30    Int: 12    God:    Fedhas [******]
Gold:   1736       SH: 28    Dex: 33    Spells: 21/21 levels left

rFire   . . .      SeeInvis +    a - +9 longbow of Eternal Vigilance {freeze, Drain rN+ Dex+2 SInv}
rCold   + . .      Faith    +    Z - +2 tower shield {AC+3}
rNeg    + . .      Spirit   .    R - +0 troll leather armour
rPois   +          Reflect  .    (helmet unavailable)
rElec   .          Rampage  .    I - scarf of Uxemible {repulsion, Regen+ MP+9}
rCorr   +                        e - +2 pair of gloves {infuse}
Will    +++..                    c - +1 pair of boots "Zodexzek" {rPois rC+ rCorr SInv}
Stlth   +++++                    y - amulet of faith
HPRegen 2.11/turn                i - ring of willpower
MPRegen 0.27/turn                F - +6 ring of dexterity

@: flying, invisible, repel missiles
A: permanent stasis, dig shafts and tunnels, antennae 3, four strong arms
}: 2/15 runes: serpentine, barnacled
a: Dig, Renounce Religion, Wall of Briars, Grow Ballistomycete, Overgrow, Grow
Oklob


You were in the Desolation of Salt.
You worshipped Fedhas.
Fedhas was exalted by your worship.
You visited 7 branches of the dungeon, and saw 34 of its levels.
You also visited: Gauntlet, Volcano and Desolation.

You collected 3729 gold pieces.
You spent 1993 gold pieces at shops.

Inventory:

Hand Weapons
 a - the +9 longbow of Eternal Vigilance (weapon) {freeze, Drain rN+ Dex+2 SInv}
   (You acquired it on level 14 of the Dungeon)

   Dex:       It affects your dexterity (+2).
   rN:        It protects you from negative energy.
   SInv:      It lets you see invisible.
   Drain:     It drains your maximum health when unequipped.
Missiles
 m - 5 throwing nets
 p - 54 poisoned darts
 X - 4 curare-tipped darts
Armour
 c - the +1 pair of boots "Zodexzek" (worn) {rPois rC+ rCorr SInv}
   (You found it on level 2 of the Snake Pit)

   rC:        It protects you from cold.
   rPois:     It protects you from poison.
   SInv:      It lets you see invisible.
   rCorr:     It protects you from acid and corrosion.
 e - a +2 pair of gloves of infusion (worn)
 I - the scarf of Uxemible (worn) {repulsion, Regen+ MP+9}
   (You acquired it on level 3 of the Snake Pit)

   MP:        It affects your magic capacity (+9).
   Regen:     It increases your rate of health regeneration.
 R - a +0 troll leather armour (worn)
 Z - a +2 tower shield of protection (worn)
Jewellery
 h - the ring "Biem" {rPois rF+}
   (You found it on level 3 of the Shoals)

   [ring of protection from fire]

   rF:        It protects you from fire.
   rPois:     It protects you from poison.
 i - a ring of willpower (left hand)
 y - an amulet of faith (around neck)
 F - a +6 ring of dexterity (right hand)
Wands
 l - a wand of iceblast (33)
 x - a wand of charming (44)
 A - a wand of flame (31)
 S - a wand of light (8)
 Y - a wand of digging (19)
Scrolls
 b - 6 scrolls of immolation
 d - 4 scrolls of magic mapping
 k - 5 scrolls of torment
 o - 9 scrolls of vulnerability
 q - 12 scrolls of poison
 s - a scroll of brand weapon {unknown}
 v - 13 scrolls of fog
 w - 4 scrolls of identify
 H - 2 scrolls of silence {unknown}
 M - 5 scrolls of fear
 U - 3 scrolls of summoning {unknown}
Potions
 j - a potion of heal wounds
 t - 18 potions of curing
 u - 3 potions of flight
 z - a potion of experience {unknown}
 C - 8 potions of brilliance
 D - 6 potions of magic
 G - 8 potions of mutation
 J - a potion of invisibility
 K - a potion of ambrosia {unknown}
 L - a potion of cancellation {unknown}
 N - 3 potions of haste
 P - 5 potions of lignification
 Q - 2 potions of resistance
Miscellaneous
 g - a lightning rod (inert)
 r - a phial of floods (inert)
 O - a phantom mirror


   Skills:
 + Level 19.0 Fighting
 * Level 19.7 Ranged Weapons
 - Level 16.0 Armour
 - Level 16.0 Dodging
 - Level 8.0 Stealth
 + Level 19.4 Shields
 - Level 14.0 Invocations
 - Level 8.0 Evocations


You had 21 spell levels left.
You didn't know any spells.
Your spell library contained the following spells:

 Spells                   Type           Power      Damage    Failure   Level
 Freeze                   Ice            0%         1d3       56%         1
 Kiss of Death            Conj/Necr      0%         2d5       56%         1
 Sting                    Tmut/Pois      0%         1d3       56%         1
 Summon Small Mammal      Summ           0%         N/A       56%         1
 Ensorcelled Hibernation  Hex/Ice        0%         N/A       71%         2
 Lesser Beckoning         Tloc           0%         N/A       71%         2
 Momentum Strike          Conj/Tloc      0%         3d8       71%         2
 Poisonous Vapours        Pois/Air       0%         N/A       71%         2
 Static Discharge         Conj/Air       0%         2-2/arc   71%         2
 Sublimation of Blood     Necr           0%         N/A       71%         2
 Wereblood                Tmut           0%         N/A       71%         2
 Call Canine Familiar     Summ           0%         N/A       91%         3
 Confusing Touch          Hex            0%         N/A       91%         3
 Frozen Ramparts          Ice            0%         1d1       91%         3
 Gell's Gravitas          Tloc           0%         N/A       91%         3
 Hailstorm                Conj/Ice       0%         3d3       91%         3
 Ignite Poison            Fire/Tmut/Pois 0%         N/A       91%         3
 Kindle Blastsparks       Fire/Tloc/Air  0%         2d10      91%         3
 Portal Projectile        Hex/Tloc       0%         N/A       91%         3
 Spider Form              Tmut/Pois      0%         N/A       91%         3
 Stone Arrow              Conj/Erth      0%         3d7       91%         3
 Summon Guardian Golem    Hex/Summ       0%         N/A       91%         3
 Teleport Other           Tloc           0%         N/A       91%         3
 Vhi's Electric Charge    Tloc/Air       0%         N/A       91%         3
 Anguish                  Hex/Necr       0%         N/A       100%        4
 Animate Armour           Summ/Erth      0%         N/A       100%        4
 Animate Dead             Necr           0%         N/A       100%        4
 Dispel Undead            Necr           0%         3d6       100%        4
 Ice Form                 Ice/Tmut       0%         N/A       100%        4
 Leda's Liquefaction      Hex/Erth       0%         N/A       100%        4
 Olgreb's Toxic Radiance  Pois           0%         N/A       100%        4
 Passage of Golubria      Tloc           0%         N/A       100%        4
 Summon Ice Beast         Ice/Summ       0%         N/A       100%        4
 Arcjolt                  Conj/Air       0%         1d10      100%        5
 Borgnjor's Vile Clutch   Necr/Erth      0%         N/A       100%        5
 Freezing Cloud           Conj/Ice/Air   0%         6-21      100%        5
 Plasma Beam              Fire/Air       0%         2x1d11    100%        5
 Silence                  Hex/Air        0%         N/A       100%        5
 Death Channel            Necr           0%         N/A       100%        6
 Dispersal                Tloc           0%         N/A       100%        6
 Haunt                    Necr/Summ      0%         N/A       100%        7
 Orb of Destruction       Conj           0%         9d5       100%        7
 Spellforged Servitor     Conj/Summ      0%         N/A       100%        7
 Summon Hydra             Summ           0%         N/A       100%        7
 Infestation              Necr           0%         N/A       100%        8
 Lehudib's Crystal Spear  Conj/Erth      0%         10d2      100%        8
 Blink                    Tloc           Unusable   N/A       N/A         2

Dungeon Overview and Level Annotations

Branches:
Dungeon (15/15) Zot: 25786  Temple (1/1) D:5 Zot: 5939    Lair (5/5) D:8 Zot: 24249
 Shoals (4/4) Lair:3 Zot: 20634   Snake (4/4) Lair:3 Zot: 18648   Slime (0/5) Lair:5
    Orc (2/2) D:11 Zot: 9474     Elf (0/3) Orc:2        Vaults (3/5) D:14 Zot: 15811
  Crypt (0/3) Vaults:3     Depths (0/4) D:15        Volcano (visited)
Desolation (1/1) Zot: 5947 Gauntlet (visited)

Altars:
Ashenzari
Cheibriados
Dithmenos
Elyvilon
Fedhas
Gozag
Hepliaklqana
Kikubaaqudgha
Makhleb
Nemelex Xobeh
Qazlal
Ru
Sif Muna
Trog
Uskayaw
Xom
Yredelemnul
The Shining One
Lugonu

Shops:
D:7 *   D:8 !   D:9 [   D:13 *   Orc:1 (   Orc:2 ([*=   Snake:3 ?   Snake:4 :

Portals:
Abyss: Shoals:2 Snake:2

Annotations:
Shoals:2 1 runed translucent door
Vaults:2 4 transporters, dontdoit's ghost, adept KoBr


Innate Abilities, Weirdness & Mutations

You cannot be hasted, slowed, berserked, paralysed or teleported.
You can dig through walls and to a lower floor.
You have a pair of large antennae on your head. (SInv)
Your four strong arms can wield two-handed weapons with a shield.


Message History

The saltling is severely damaged.
Fedhas protects your plant from harm.
The explosion of spores engulfs the crystal guardian!
The crystal guardian is lightly damaged.
You hear a shout!
Unknown command.
Unknown command.
You feel much better.
The saltling no longer looks unusually strong.
The peacekeeper roars a battlecry!
The golems go into a battle-frenzy!
You block the saltling's attack.
The guardian serpent coils itself and waves its upper body at your oklob plant.
Your oklob plant resists with some effort.
The peacekeeper roars a battlecry!
The peacekeeper goes into a battle-frenzy!
You block the servant of whispers's attack.
The servant of whispers hits your oklob plant with a +0 club.
You block the saltling's attack. The saltling completely misses you.
The saltling closely misses you.
A saltling comes into view.
The saltling completely misses you.
The guardian serpent hits your oklob plant!
The ragged hierophant gestures at you while chanting.
A blast of power from the earth and the adjacent constructs strikes you!
* * * LOW HITPOINT WARNING * * *
A ballistomycete spore comes into view.
You feel much better.
The peacekeeper roars a battlecry!
A saltling comes into view.
The saltling splashes around in the water.
A saltling comes into view.
You block the servant of whispers's attack.
The servant of whispers hits your oklob plant with a +0 club.
You block the saltling's attack.
A ragged hierophant comes into view. It is wielding a +0 short sword.
The saltling hits you.
* * * LOW HITPOINT WARNING * * *
The saltling misses you.
Your ballistomycete spore explodes!
Fedhas protects your plant from harm.
The explosion of spores engulfs the saltling but does no damage.
The saltling is severely damaged.
The ragged hierophant appears confused.
The explosion of spores engulfs the ragged hierophant!
The ragged hierophant is lightly wounded.
The explosion of spores engulfs the crystal guardian!!!
The crystal guardian is almost destroyed.
The guardian serpent hits your oklob plant!
The peacekeeper closely misses you. x2; The saltling completely misses you.
The saltling hits your briar patch!
Press: ? - help, v - describe, . - travel
Here: a halazid warlock (lightly damaged, sheltered from injuries) Some shallow water, summoned.
Unknown command.
Unknown command.
Press: ? - help, v - describe, . - travel
Here: a halazid warlock (lightly damaged, sheltered from injuries) Some shallow water, summoned.
Unknown command.
Unknown command.
You feel very buoyant.
You fly up into the air.
Your oklob plant looks more healthy.
The peacekeeper roars a battlecry!
The guardian serpent hits your oklob plant!
You block the saltling's attack.
The peacekeeper splashes around in the water. x2
You block the servant of whispers's attack.
The saltling completely misses you. You block the saltling's attack.
The servant of whispers hits your oklob plant with a +0 club.
A ragged hierophant comes into view. It is wielding a +0 rapier.
The saltling completely misses you.
The servant of whispers completely misses you.
The saltling hits your briar patch!!
The halazid warlock completely misses you.
The ragged hierophant points at you and mumbles some strange words.
A blast of power from the earth and the adjacent constructs strikes you!
* * * LOW HITPOINT WARNING * * *
The guardian serpent hits your oklob plant but does no damage.
You feel much better. The peacekeeper closely misses you.
The peacekeeper splashes around in the water.
You block the saltling's attack. x2
The servant of whispers hits your oklob plant with a +0 club!
The ragged hierophant points at you and mumbles some strange words.
A blast of power from the earth and the adjacent constructs strikes you!
* * * LOW HITPOINT WARNING * * *
The saltling splashes around in the water.
The guardian serpent hits your oklob plant!
Your oklob plant is destroyed!
Your oklob plant disappears in a puff of smoke!
The peacekeeper completely misses you. You block the peacekeeper's attack.
The servant of whispers hits your briar patch with a +0 spear.
Your briar patch is destroyed!
Your briar patch disappears in a puff of smoke!
The saltling misses you. You block the halazid warlock's attack.
The saltling completely misses you. x2
The ragged hierophant hits itself with a +0 long sword!
The ragged hierophant shouts!
A ballistomycete spore comes into view.
You feel much better.
The air resumes its normal movements.
A saltling comes into view.
The peacekeeper bites you!!
* * * LOW HITPOINT WARNING * * *
You block the peacekeeper's attack.
The servant of whispers hits your oklob plant with a +0 club.
The ragged hierophant gestures at you while chanting.
A blast of power from the earth and the adjacent constructs strikes you!
* * * LOW HITPOINT WARNING * * *
Your ballistomycete spore explodes!
The ragged hierophant appears confused.
The explosion of spores engulfs the ragged hierophant!!
The ragged hierophant is heavily wounded.
You block the saltling's attack. The saltling completely misses you.
The halazid warlock touches you!
* * * LOW HITPOINT WARNING * * *
You writhe in agony.
* * * LOW HITPOINT WARNING * * *
The saltling moves out of view.
You hear a shout!
Okay, then.
Okay, then.
You feel much better.
The servant of whispers is no longer waterlogged.
The peacekeeper splashes around in the water. x2
You block the peacekeeper's attack. x2
The guardian serpent hits your oklob plant!
The peacekeeper completely misses you. The peacekeeper misses you.
The halazid warlock touches you!
* * * LOW HITPOINT WARNING * * *
The saltling completely misses you.
A ballistomycete spore comes into view.
Press: ? - help, v - describe, . - travel Some shallow water, summoned.
Press: ? - help, v - describe, . - travel
Here: a servant of whispers, wielding a +0 club and wearing a +0 robe (almost dead, unable to see you)
The floor.
Unknown command.
Read: 5 scrolls of fear
Press: ? - help, Dir - look around, f - activate Look: a servant of whispers, wielding a +0 club and wearing a +0 robe (almost dead, unable to see you, chance to affect: 79%)
Okay, then.
Unknown command.
Unknown command.
Press: ? - help, v - describe, . - travel
Here: a servant of whispers, wielding a +0 club and wearing a +0 robe (almost dead, unable to see you)
The floor.
Unknown command.
You feel much better. The peacekeeper misses you.
You block the peacekeeper's attack.
A peacekeeper comes into view.
The peacekeeper splashes around in the water. x2
You block the servant of whispers's attack.
The crystal guardian glitters, brittle, in the dim dungeon light.
The saltling hits your ballistomycete!!
Your ballistomycete spore explodes!
The explosion of spores engulfs the saltling!
The saltling is severely damaged.
The servant of whispers completely misses you.
You block the saltling's attack. The peacekeeper completely misses you.
You block the peacekeeper's attack. The halazid warlock misses you.
Press: ? - help, v - describe, . - travel
Here: a ragged hierophant, wielding a +0 long sword and wearing a +0 robe (heavily wounded, summoned, confused, unable to see you)
The floor.
Aiming: Bolt of Light
Press: ? - help, Shift-Dir - straight line, f - servant of whispers
Aim: a servant of whispers, wielding a +0 club and wearing a +0 robe (almost dead, unable to see you, 67% to hit)
Okay, then.
Unknown command.
Unknown command.
Unknown command.
Okay, then.
You feel much better. The peacekeeper completely misses you.
The peacekeeper barely misses you. You block the saltling's attack.
The saltling hits your ballistomycete. You block the saltling's attack.
The servant of whispers completely misses you.
You block the peacekeeper's attack. The peacekeeper misses you.
A saltling comes into view.
The peacekeeper completely misses you. x2
The servant of whispers completely misses you.
The halazid warlock barely misses you. The saltling completely misses you. x2
The saltling hits your ballistomycete!
A saltling comes into view.
Fire: a) +9 longbow of Eternal Vigilance {freeze, Drain rN+ Dex+2 SInv}
Press: ? - help, Q - select action, (/) - cycle Shift-Dir - straight line, f - guardian serpent
Aim: a guardian serpent (heavily wounded, covered in acid, ally target, 74% to hit)
You shoot an arrow. The arrow hits the servant of whispers!
The arrow freezes the servant of whispers.
You kill the servant of whispers!
Fedhas appreciates your contribution to the ecosystem.
The saltling no longer looks unusually strong.
The servant of whispers is no longer waterlogged.
The peacekeeper roars a battlecry!
The golems go into a battle-frenzy!
You block the saltling's attack. The peacekeeper completely misses you.
You block the peacekeeper's attack.
The saltling completely misses your ballistomycete.
You block the servant of whispers's attack.
The saltling misses you. You block the saltling's attack.
Fire: a) +9 longbow of Eternal Vigilance {freeze, Drain rN+ Dex+2 SInv}
Press: ? - help, Q - select action, (/) - cycle Shift-Dir - straight line, p - guardian serpent You shoot an arrow.
The arrow hits the guardian serpent!!
The arrow freezes the guardian serpent!
You kill the guardian serpent!
Fedhas appreciates your contribution to the ecosystem.
The saltling no longer looks unusually strong.
The peacekeeper no longer looks unusually strong.
You block the peacekeeper's attack. x2
A saltling comes into view. x2
The peacekeeper completely misses you. The peacekeeper barely misses you.
You block the halazid warlock's attack.
The saltling hits you but does no damage.
The ragged hierophant hits the ragged hierophant with a +0 long sword!
The ragged hierophant hits your ballistomycete with a +0 dagger!
You block the saltling's attack.
The ragged hierophant points at you and mumbles some strange words.
A blast of power from the earth and the adjacent constructs strikes you!
* * * LOW HITPOINT WARNING * * *
You block the peacekeeper's attack. The peacekeeper completely misses you.
The saltling completely misses you.
The servant of whispers completely misses you.
The saltling completely misses you.
A ballistomycete spore comes into view.
Fire: a) +9 longbow of Eternal Vigilance {freeze, Drain rN+ Dex+2 SInv}
Press: ? - help, Q - select action, (/) - cycle Shift-Dir - straight line, f - ragged hierophant
Aim: a ragged hierophant, wielding a +0 rapier and wearing a +0 robe (severely wounded, unable to see you, 81% to hit)
You shoot an arrow. The arrow hits the saltling!!
The arrow freezes the saltling.
You destroy the saltling!
Fedhas accepts your kill.
The saltling no longer looks unusually strong.
The peacekeeper no longer looks unusually strong.
The saltling no longer looks unusually strong.
You block the peacekeeper's attack. The peacekeeper claws you.
* * * LOW HITPOINT WARNING * * *
The golems go into a battle-frenzy!
You block the saltling's attack.
You block the servant of whispers's attack.
The halazid warlock points at the saltling and mumbles some strange words.
The saltling's animating energy erupts into ghostly fire!
The ghostly flame explodes!
The ghostly fireball engulfs the saltling.
The saltling completely resists.
The ghostly fireball engulfs your ballistomycete spore!!!
Your ballistomycete spore is drained!
The ghostly fireball engulfs your ballistomycete!!!
Your ballistomycete is drained!
Your ballistomycete is destroyed!
Your ballistomycete disappears in a puff of smoke!
Your ballistomycete spore explodes!
The explosion of spores engulfs the saltling!!
The saltling is almost destroyed.
The ragged hierophant appears confused.
The explosion of spores engulfs the ragged hierophant!!
The ragged hierophant is moderately wounded.
The saltling barely misses you.
The ragged hierophant hits the ragged hierophant with a +0 long sword!
The peacekeeper roars a battlecry!
The saltling goes into a battle-frenzy!
The ragged hierophant gestures wildly while chanting.
The ragged hierophant begins to accept its allies' injuries.
An ironbound convoker comes into view. It is wielding a +0 dire flail.
An ironbound convoker comes into view. It is wielding a +0 great mace.
You block the saltling's attack. The peacekeeper completely misses you.
The peacekeeper claws you but does no damage.
You hear a roar!
Okay, then.
Press: ? - help, v - describe, . - travel
Here: a saltling (strong, sheltered from injuries, unable to see you)
The floor, spattered with blood.
Unknown command.
Press: ? - help, v - describe, . - travel
Here: a crystal guardian (almost destroyed, strong, sheltered from injuries)
The floor.
Unknown command.
Unknown command.
Unknown command.
Okay, then.
Okay, then.
Aiming: Thunderbolt
Press: ? - help, Shift-Dir - straight line, p - ragged hierophant The thunderbolt hits the saltling!!
The saltling is moderately damaged.
The thunderbolt hits the ragged hierophant!
The ragged hierophant is lightly wounded.
You block the saltling's attack. x2; The saltling barely misses you.
You block the peacekeeper's attack. The peacekeeper misses you.
The saltling misses you.
A saltling comes into view.
The peacekeeper closely misses you. The peacekeeper barely misses you.
The halazid warlock misses you.
A peacekeeper comes into view.
The ragged hierophant hits itself with a +0 long sword!
Your oklob plant spits acid at the servant of whispers.
The splash of acid hits the servant of whispers!
A saltling comes into view.
The saltling misses you. The saltling barely misses you.
The saltling closely misses you.
A saltling comes into view.
Aiming: Thunderbolt
Press: ? - help, Shift-Dir - straight line, f - saltling
Aim: a saltling (strong, sheltered from injuries, unable to see you)
The thunderbolt hits the peacekeeper but does no damage.
The thunderbolt hits the ragged hierophant.
The ragged hierophant is moderately wounded.
The thunderbolt hits the saltling.
The saltling is moderately damaged.
The thunderbolt hits the saltling.
The saltling is almost destroyed.
The thunderbolt hits the saltling.
The saltling is lightly damaged.
The thunderbolt hits the saltling.
The saltling is severely damaged.
The thunderbolt hits the saltling.
The saltling is heavily damaged.
The thunderbolt hits the servant of whispers.
The servant of whispers is lightly wounded.
The thunderbolt hits the crystal guardian.
The crystal guardian completely resists.
The crystal guardian is almost destroyed.
The thunderbolt hits the saltling.
The saltling is lightly damaged.
The thunderbolt hits the saltling but does no damage. x2
The thunderbolt hits the halazid warlock.
The halazid warlock is lightly damaged.
The thunderbolt hits the peacekeeper.
The peacekeeper completely resists.
The peacekeeper is lightly damaged.
The thunderbolt hits the saltling but does no damage.
The saltling is moderately damaged.
The thunderbolt hits the saltling.
The saltling is lightly damaged.
The thunderbolt hits the saltling!
The saltling is moderately damaged.
The thunderbolt hits the ragged hierophant.
The ragged hierophant is almost dead.
The thunderbolt hits the saltling but does no damage.
The thunderbolt hits the saltling.
The saltling is lightly damaged.
The thunderbolt hits the saltling.
The saltling is heavily damaged.
The thunderbolt hits the saltling!
The saltling is lightly damaged.
The thunderbolt hits the saltling.
The saltling is lightly damaged.
The thunderbolt hits the saltling but does no damage.
The thunderbolt hits the peacekeeper but does no damage.
You kill the ragged hierophant!
Fedhas appreciates your contribution to the ecosystem.
The saltling no longer looks unusually strong. x4
You block the peacekeeper's attack.
The peacekeeper claws you but does no damage.
You block the peacekeeper's attack. The peacekeeper claws you.
* * * LOW HITPOINT WARNING * * *
The saltling completely misses you.
You block the servant of whispers's attack.
The halazid warlock touches you!
* * * LOW HITPOINT WARNING * * *
You writhe in agony.
* * * LOW HITPOINT WARNING * * *
The ragged hierophant hits the saltling but does no damage.
Your oklob plant spits acid at the servant of whispers.
The splash of acid hits the ragged hierophant!
The acid corrodes the ragged hierophant!
The peacekeeper bites you but does no damage.
You block the peacekeeper's attack. The saltling completely misses you. x2
The saltling misses you. You block the peacekeeper's attack.
The peacekeeper misses you.
You have reached level 22!
Aiming: Thunderbolt
Press: ? - help, Shift-Dir - straight line, p - saltling The thunderbolt hits the saltling but does no damage.
The saltling is almost destroyed.
The thunderbolt hits the ragged hierophant.
The ragged hierophant is moderately wounded.
The thunderbolt hits the saltling.
The saltling is heavily damaged.
The thunderbolt hits the saltling but does no damage.
The thunderbolt hits the saltling.
The saltling is severely damaged.
The thunderbolt hits the saltling.
The saltling is heavily damaged.
The thunderbolt hits the saltling.
The saltling is almost destroyed.
The thunderbolt hits the saltling but does no damage.
The thunderbolt hits the servant of whispers!
The servant of whispers is lightly wounded.
The thunderbolt hits the crystal guardian.
The crystal guardian completely resists.
The crystal guardian is almost destroyed.
The thunderbolt hits the saltling.
The saltling is lightly damaged.
The thunderbolt hits the halazid warlock!
The halazid warlock is moderately damaged.
The thunderbolt hits the peacekeeper.
The peacekeeper resists.
The peacekeeper is lightly damaged.
The thunderbolt hits the saltling.
The saltling is lightly damaged.
The thunderbolt hits the saltling but does no damage.
The saltling is lightly damaged.
The thunderbolt hits the saltling!
The saltling is heavily damaged.
The thunderbolt hits the saltling.
The saltling is heavily damaged.
The thunderbolt hits the saltling.
The saltling is heavily damaged.
The thunderbolt hits the saltling!
The saltling is heavily damaged.
The thunderbolt hits the saltling.
The saltling is lightly damaged.
The thunderbolt hits the saltling.
The saltling is lightly damaged.
The thunderbolt hits the peacekeeper.
The peacekeeper resists.
The peacekeeper is lightly damaged.
The thunderbolt hits the saltling.
The saltling is moderately damaged.
The thunderbolt hits the ironbound convoker.
The ironbound convoker is lightly wounded.
You hear a shout!
The saltling no longer looks unusually strong.
You block the saltling's attack. The peacekeeper completely misses you.
The peacekeeper claws you but does no damage.
You block the servant of whispers's attack.
The saltling completely misses you.
The halazid warlock completely misses you.
The peacekeeper bites you but does no damage.
The peacekeeper completely misses you. You block the saltling's attack.
The saltling completely misses you. x2
The ragged hierophant mumbles some strange words.
The ragged hierophant begins to accept its allies' injuries.
The saltling misses you.
Aiming: Thunderbolt
Press: ? - help, Shift-Dir - straight line, f - saltling
Aim: a saltling (almost destroyed, wandering, strong, sheltered from injuries, unable to see you, hasn't noticed you)
The thunderbolt hits the saltling.
You destroy the saltling!
Fedhas accepts your kill.
The thunderbolt hits the saltling.
The saltling is lightly damaged.
The thunderbolt hits the saltling.
The saltling is almost destroyed.
The thunderbolt hits the saltling!
The saltling is heavily damaged.
The thunderbolt hits the saltling.
The saltling is almost destroyed.
The thunderbolt hits the saltling.
The saltling is lightly damaged.
The thunderbolt hits the servant of whispers!
The servant of whispers is lightly wounded.
The thunderbolt hits the saltling.
The saltling is moderately damaged.
The thunderbolt hits the saltling.
The saltling is lightly damaged.
The thunderbolt hits the saltling.
The saltling is lightly damaged.
The thunderbolt hits the halazid warlock!
The halazid warlock is moderately damaged.
The thunderbolt hits the peacekeeper.
The peacekeeper resists.
The peacekeeper is lightly damaged.
The thunderbolt hits the crystal guardian.
The crystal guardian completely resists.
The crystal guardian is almost destroyed.
The thunderbolt hits the saltling!
The saltling is severely damaged.
The thunderbolt hits the saltling.
The saltling is moderately damaged.
The thunderbolt hits the saltling.
The saltling is lightly damaged.
The thunderbolt hits the saltling!
The saltling is severely damaged.
The thunderbolt hits the saltling!
The saltling is almost destroyed.
The thunderbolt hits the saltling!
The saltling is moderately damaged.
The thunderbolt hits the saltling.
The saltling is heavily damaged.
The thunderbolt hits the peacekeeper.
The peacekeeper resists.
The peacekeeper is lightly damaged.
The thunderbolt hits the saltling.
The saltling is moderately damaged.
The thunderbolt hits the ironbound convoker!
The ironbound convoker is lightly wounded.
The lightning rod overheats!
The saltling no longer looks unusually strong. x2
The ragged hierophant seems less confused.
The crystal guardian no longer looks unusually strong.
You block the peacekeeper's attack. x4
A saltling comes into view.
The saltling completely misses you. x2; The saltling hits you!
* * * LOW HITPOINT WARNING * * *
The halazid warlock touches you but does no damage.
The saltling misses you.
The ragged hierophant hits the ragged hierophant with a +0 dagger.
The ragged hierophant hits itself with a +0 dagger!
The peacekeeper bites you!
* * * LOW HITPOINT WARNING * * *
The peacekeeper closely misses you. The saltling closely misses you.
The ragged hierophant casts a spell at you.
A blast of power from the earth and the adjacent constructs strikes you!
You die...
Fedhas appreciates your contribution to the ecosystem.

§§§§§§.........
§§§§§§#§§......
.§§§§§§§§§.....
§§...§§§.§.....
.......§a§a§.......
.......9.aaP........
.....999.999........
....{.#a.L@99.....#
....p999.9999.....##
...aa999.9999......#.
.....9.9.9)..........
.......9....p∩.∩.....
.....................
.....................
...9.................
...).................


You could see 5 ragged hierophants, 2 servants of whispers, a halazid warlock
(sheltered), a crystal guardian (sheltered), 2 ironbound convokers, 4
peacekeepers, 23 saltlings and a friendly oklob plant (summoned).

Vanquished Creatures
  Saint Roka (Snake:4)
  Vashnia (Snake:3)
  Nikola (Snake:4)
  Rupert (D:14)
  The ghost of heathens the Executioner, an adept MiBe of Trog (Snake:4)
  Polyphemus (Shoals:4)
  2 sphinxes
  Frances (Shoals:2)
  Agnes (Snake:2)
  10 nagarajas
  Kirke (D:15)
  Ilsuiw (Shoals:4)
  Donald (Snake:2)
  The ghost of ERRORd11 the Warrior, an adept FoHu of Hepliaklqana (Snake:3)
  A frost giant (Shoals:4)
  Aizul (Snake:3)
  3 vault wardens
  Louise (Shoals:2)
  An orc warlord (Orc:2)
  4 ironbound preservers
  9 very ugly things
  2 ironbound thunderhulks (Vaults:2)
  7 dire elephants (Vaults:1)
  A minotaur (Gauntlet)
  A starcursed mass (Snake:2)
  Snorg (Lair:3)
  7 merfolk javelineers
  14 merfolk impalers
  2 yaktaur captains (Vaults:2)
  2 ragged hierophants (Desolation)
  A great orb of eyes (Vaults:1)
  5 hydras
  A servant of whispers (Desolation)
  A peacekeeper (Desolation)
  8 salamander tyrants
  4 vault guards (Vaults:2)
  8 catoblepae
  4 centaur warriors
  A merfolk avatar (Shoals:1)
  2 ogre magi (D:15)
  11 two-headed ogres
  6 merfolk aquamancers
  13 anacondas
  2 ironbound frosthearts
  An alligator snapping turtle (Shoals:4)
  12 death yaks
  4 boulder beetles
  3 tengu warriors
  22 naga warriors
  2 thrashing horrors (Gauntlet)
  A hell hog (Snake:2)
  7 naga sharpshooters
  5 orc high priests
  A hell knight (Volcano)
  7 shock serpents
  Urug (D:14)
  4 skysharks
  4 skeletal warriors
  18 sea snakes
  Lodul (D:13)
  A death drake (Gauntlet)
  9 salamander mystics
  12 deep trolls
  6 wizards
  A kraken simulacrum (Shoals:4)
  11 naga ritualists
  An orb spider (shapeshifter) (Vaults:2)
  6 ironbound convokers
  10 lindwurms
  10 harpies
  5 orc knights
  A spectral wolf spider (Gauntlet)
  A necromancer (D:15)
  15 ugly things
  A deep elf zephyrmancer (D:15)
  6 orc sorcerers
  10 mana vipers
  9 cyclopes
  2 wolf spider zombies
  19 fauns
  26 salamanders
  20 manticores
  A large abomination (Snake:2)
  The ghost of MrDizzy the Cudgeller, a novice GrWr of Okawaru (D:5)
  A spectral centaur (Gauntlet)
  3 water nymphs
  12 elephants
  10 merfolk sirens
  6 vault sentinels
  8 guardian serpents
  53 black mambas
  A smoke demon (Gauntlet)
  A centaur zombie (Gauntlet)
  22 naga magi
  2 apocalypse crabs
  6 cane toads
  4 molten gargoyles (Volcano)
  A torpor snail (Lair:5)
  2 centaur skeletons (D:15)
  4 gargoyles
  2 unseen horrors
  9 yaktaurs
  A rime drake (Lair:4)
  3 efreet
  A minotaur zombie (Gauntlet)
  5 komodo dragons
  40 merfolk
  A red devil (Gauntlet)
  5 trolls
  A queen bee (Gauntlet)
  4 wind drakes
  A polar bear (shapeshifter) (D:15)
  7 saltlings (Desolation)
  4 hornets
  12 snapping turtles
  9 dream sheep
  12 slime creatures
  5 blink frogs (Lair:5)
  7 water elementals
  A wraith (D:9)
  A spriggan (shapeshifter) (D:15)
  A centaur simulacrum (D:14)
  4 shadows
  16 humans
  A vampire mosquito (D:10)
  3 basilisks
  58 yaks
  2 hogs (D:15)
  3 steam dragons
  A harpy simulacrum (D:15)
  40 nagas
  2 wargs
  2 hell hounds (Lair:4)
  13 water moccasins
  2 sky beasts
  An ice beast (D:7)
  46 orc warriors
  A black bear (D:5)
  20 ogres
  8 wolves
  2 phantoms (D:6)
  7 centaurs
  7 kobold brigands
  4 small abominations (Gauntlet)
  14 bullfrogs
  3 scorpions
  3 gnoll sergeants
  14 wights
  15 killer bees
  A howler monkey (D:6)
  16 electric eels
  A lava snake (D:7)
  2 crimson imps (Gauntlet)
  27 orc priests
  Crazy Yiuf (D:2)
  A hound (D:6)
  3 jellies
  A gnoll bouda (D:7)
  2 sleepcaps (D:4)
  Ijyb (D:3)
  43 orc wizards
  Natasha (thrice) (D:2)
  10 iguanas
  Robin (D:2)
  23 gnolls
  11 adders
  A shadow imp (D:6)
  A white imp (D:5)
  An ufetubus (D:5)
  2 worms
  A dart slug (D:5)
  104 orcs
  9 endoplasms
  5 giant cockroaches
  11 goblins
  12 hobgoblins
  3 jackals (D:2)
  6 quokkas
  13 ball pythons
  4 bats
  25 kobolds
  5 rats
  3 ballistomycete spores
  A butterfly (D:5)
  A tentacle (Shoals:4)
1340 creatures vanquished.

Vanquished Creatures (collateral kills)
  Mlioglotl (Snake:4)
  A nagaraja (Snake:2)
  The ghost of dontdoit the Earth Mage, an adept DEEE of Vehumet (Snake:2)
  An orc warlord (Orc:2)
  A peacekeeper (Desolation)
  A centaur warrior (D:14)
  2 anacondas (Snake:1)
  A naga warrior (Snake:2)
  A shock serpent (Snake:3)
  A wretched star (Snake:2)
  2 skeletal warriors (D:11)
  A sea snake (Snake:2)
  A naga ritualist (Snake:1)
  An ugly thing (Snake:2)
  4 black mambas
  A salamander (Snake:3)
  A naga mage (Snake:3)
  A yak (Lair:5)
  3 humans (D:14)
  A wraith (D:13)
  A vampire mosquito (D:10)
  A naga (Snake:2)
  3 ogres (D:13)
  A howler monkey (D:13)
  An orc wizard (D:13)
  3 orcs
  155 ballistomycete spores
192 creatures vanquished.

Vanquished Creatures (others)
  A merfolk aquamancer (Shoals:1)
  A saltling (Desolation)
  An orc priest (D:15)
  An orc wizard (Orc:2)
  14 ballistomycete spores
  3 bushes (Lair:5)
  23 fungi
  124 plants
  3 tentacles (Shoals:4)
171 creatures vanquished.

Grand Total: 1703 creatures vanquished

Notes
Turn   | Place    | Note
-------+----------+-------------------------------------------
     0 | D:1      | jagoly the Formicid Hunter began the quest for the Orb.
     0 | D:1      | Reached XP level 1. HP: 16/16 MP: 1/1
    67 | D:1      | Found a faded altar of an unknown god.
   138 | D:1      | Reached XP level 2. HP: 22/22 MP: 2/2
   356 | D:1      | Reached XP level 3. HP: 27/27 MP: 3/3
  1019 | D:2      | Noticed Robin
  1043 | D:2      | Reached skill level 1 in Armour
  1043 | D:2      | Reached XP level 4. HP: 34/34 MP: 4/4
  1048 | D:2      | Killed Robin
  1049 | D:2      | Reached skill level 5 in Ranged Weapons
  1358 | D:2      | Noticed Natasha
  1443 | D:2      | Found a runed translucent door.
  1444 | D:2      | Noticed Crazy Yiuf
  1596 | D:2      | Reached XP level 5. HP: 41/41 MP: 5/5
  1615 | D:2      | Killed Natasha
  2288 | D:2      | Noticed Natasha
  2297 | D:2      | Killed Natasha
  2457 | D:2      | Noticed Natasha
  2463 | D:2      | Killed Natasha
  2464 | D:2      | Reached XP level 6. HP: 25/47 MP: 6/6
  3366 | D:3      | Noticed Ijyb
  3373 | D:3      | Killed Ijyb
  3499 | D:4      | Reached XP level 7. HP: 52/52 MP: 7/7
  4254 | D:5      | Entered Level 5 of the Dungeon
  4254 | D:5      | Found a staircase to the Ecumenical Temple.
  4271 | Temple   | Entered the Ecumenical Temple
  4306 | Temple   | Became a worshipper of Fedhas Madash
  4438 | D:5      | Reached XP level 8. HP: 53/58 MP: 8/8
  4871 | D:5      | Found a runed translucent door.
  4876 | D:5      | Noticed MrDizzy's ghost (novice GrWr)
  5511 | D:6      | Reached * piety under Fedhas
  5824 | D:6      | Reached skill level 10 in Ranged Weapons
  5824 | D:6      | Reached XP level 9. HP: 45/65 MP: 9/9
  5856 | D:6      | Reached ** piety under Fedhas
  6425 | D:6      | Found a white marble altar of Elyvilon.
  7010 | D:7      | Reached *** piety under Fedhas
  7183 | D:7      | Found Ropp's General Store.
  7428 | D:7      | Reached skill level 5 in Fighting
  7494 | D:7      | Found a sparkling altar of Nemelex Xobeh.
  7626 | D:7      | Reached XP level 10. HP: 52/74 MP: 10/10
  8026 | D:8      | Reached **** piety under Fedhas
  8776 | D:8      | Found Waan's Distillery.
  8979 | D:8      | Reached skill level 1 in Invocations
  9044 | D:8      | Found a staircase to the Lair.
  9276 | D:9      | Reached skill level 5 in Stealth
  9534 | D:9      | Found a bloodstained altar of Trog.
  9576 | D:9      | Noticed a two-headed ogre
  9597 | D:9      | Found Ferghesh's Antique Armour Shoppe.
  9607 | D:9      | Bought an encrusted leather armour for 245 gold pieces
  9607 | D:9      | Identified the +0 leather armour of Charity {rC++} (You
                  | bought it in a shop on level 9 of the Dungeon)
  9615 | D:9      | Noticed a two-headed ogre
  9651 | D:9      | Killed a two-headed ogre
  9652 | D:9      | Reached skill level 5 in Invocations
  9652 | D:9      | Reached XP level 11. HP: 17/81 MP: 12/14
  9841 | D:10     | Entered Level 10 of the Dungeon
  9888 | D:10     | Reached ***** piety under Fedhas
 10570 | D:11     | Noticed a skeletal warrior
 11135 | D:10     | Found a shimmering blue altar of Sif Muna.
 11698 | D:11     | Noticed a skeletal warrior
 11867 | D:11     | Identified the +1 leather armour of Contentment {Contam
                  | Rampage rC+ Slay+3}
 11884 | D:11     | Noticed a skeletal warrior
 12097 | D:11     | Noticed a cyclops
 12104 | D:11     | Killed a cyclops
 12115 | D:11     | Found a staircase to the Orcish Mines.
 12175 | D:11     | Noticed a manticore
 12192 | D:11     | Killed a manticore
 12697 | D:11     | Noticed a purple ugly thing
 12710 | D:11     | Killed a purple ugly thing
 12711 | D:11     | Reached skill level 10 in Invocations
 13048 | Orc:1    | Entered Level 1 of the Orcish Mines
 13109 | Orc:1    | Noticed an orc sorcerer
 13115 | Orc:1    | Killed an orc sorcerer
 13116 | Orc:1    | Reached XP level 12. HP: 86/88 MP: 15/19
 13173 | Orc:1    | Noticed an orc high priest
 13182 | Orc:1    | Killed an orc high priest
 13522 | Orc:1    | Found Yqobbal's Weapon Shop.
 13647 | Orc:2    | Entered Level 2 of the Orcish Mines
 13705 | Orc:2    | Found a staircase to the Elven Halls.
 13802 | Orc:2    | Noticed an orc warlord
 13833 | Orc:2    | HP: 4/88 [hellwing[an orc warlord] (11)]
 13838 | Orc:2    | Killed an orc warlord
 13839 | Orc:2    | Reached skill level 15 in Ranged Weapons
 14846 | Orc:2    | Noticed an orc high priest
 14847 | Orc:2    | Noticed an orc high priest
 14848 | Orc:2    | Noticed an orc warlord
 14850 | Orc:2    | Killed an orc high priest
 14850 | Orc:2    | Noticed an orc high priest
 14856 | Orc:2    | Reached skill level 5 in Dodging
 14858 | Orc:2    | Killed an orc high priest
 14862 | Orc:2    | Killed an orc warlord
 14864 | Orc:2    | Killed an orc high priest
 14864 | Orc:2    | Reached ****** piety under Fedhas
 14869 | Orc:2    | Reached XP level 13. HP: 96/96 MP: 18/21
 15016 | Orc:2    | Found Yharhu's General Store.
 15017 | Orc:2    | Found Qaevits's Jewellery Emporium.
 15019 | Orc:2    | Found Ahikepaf's Antique Armour Shoppe.
 15019 | Orc:2    | Found Ecuteew's Antique Weapon Shoppe.
 15163 | Orc:2    | Bought a shimmering scale mail for 297 gold pieces
 15163 | Orc:2    | Identified the +1 scale mail of the Lobster {rCorr Str-3
                  | Stlth+} (You bought it in a shop on level 2 of the Orcish
                  | Mines)
 15163 | Orc:2    | Bought a shiny buckler for 247 gold pieces
 15299 | Orc:2    | Bought a pair of gloves for 148 gold pieces
 15725 | D:9      | Reached skill level 1 in Shields
 15761 | D:9      | Reached skill level 1 in Evocations
 15984 | D:9      | Noticed a three-headed hydra
 16126 | D:9      | Killed a three-headed hydra
 16233 | Lair:1   | Entered Level 1 of the Lair of Beasts
 16257 | Lair:1   | Noticed a catoblepas
 16293 | Lair:1   | Killed a catoblepas
 17644 | Lair:2   | Identified the +1 buckler "Myes" {rPois Dex+4 Stlth-}
 17696 | Lair:2   | Reached skill level 5 in Armour
 17854 | Lair:2   | Reached skill level 5 in Shields
 18038 | Lair:3   | Noticed a catoblepas
 18038 | Lair:3   | Noticed a catoblepas
 18094 | Lair:3   | Found a staircase to the Shoals.
 18143 | Lair:3   | Reached XP level 14. HP: 106/106 MP: 23/23
 18635 | Lair:3   | Noticed Snorg
 18641 | Lair:3   | Killed Snorg
 18709 | Lair:3   | Found a staircase to the Snake Pit.
 19185 | Lair:4   | Found a dark tunnel.
 19200 | Volcano  | Entered a volcano
 19463 | Volcano  | Noticed an orb of fire
 19478 | Volcano  | Noticed an orb of fire
 20036 | Lair:4   | Reached skill level 10 in Fighting
 20385 | Lair:5   | Entered Level 5 of the Lair of Beasts
 20679 | Lair:5   | Reached XP level 15. HP: 117/117 MP: 24/24
 21619 | Lair:5   | Found a staircase to the Slime Pits.
 21966 | Lair:5   | Identified the +1 short sword "Dimauh" {flame, Will+ Str+5}
 22446 | D:2      | Killed Crazy Yiuf
 22621 | D:5      | Killed MrDizzy's ghost
 22985 | D:7      | Bought a potion of mutation for 96 gold pieces
 22985 | D:7      | Bought a scroll of identify for 24 gold pieces
 24229 | D:13     | Reached skill level 5 in Evocations
 24230 | D:13     | Noticed Lodul
 24236 | D:13     | Killed Lodul
 24506 | D:13     | Reached XP level 16. HP: 129/129 MP: 25/25
 24691 | D:13     | Found Qijoamay's Assorted Antiques.
 25056 | D:14     | Identified 3 scrolls of acquirement
 25057 | D:14     | Acquired the +9 longbow of Eternal Vigilance {freeze, Drain
                  | rN+ Dex+2 SInv}
 25060 | D:14     | Acquired a manual of Dodging
 25061 | D:14     | Acquired a manual of Armour
 25177 | D:14     | Noticed Urug
 25187 | D:14     | Killed Urug
 25211 | D:14     | Noticed Rupert
 25216 | D:14     | Killed Rupert
 25229 | D:14     | Found a gate to the Vaults.
 25476 | D:15     | Entered Level 15 of the Dungeon
 25601 | D:15     | Noticed Kirke
 25611 | D:15     | Killed Kirke
 25613 | D:15     | Reached skill level 10 in Dodging
 25678 | D:15     | Found a gate leading to a gauntlet.
 25706 | Gauntlet | Entered a Gauntlet
 25706 | Gauntlet | Found a runed translucent door.
 25706 | Gauntlet | Found a transporter.
 25706 | Gauntlet | Found a transporter.
 25706 | Gauntlet | Found a runed translucent door.
 25706 | Gauntlet | Found a transporter.
 25716 | Gauntlet | Found a transporter.
 25716 | Gauntlet | Found a transporter.
 25719 | Gauntlet | Found a transporter.
 25726 | Gauntlet | Found a transporter.
 25728 | Gauntlet | Found a transporter.
 25728 | Gauntlet | Found a transporter.
 25730 | Gauntlet | Found a transporter.
 25739 | Gauntlet | Found a transporter.
 25739 | Gauntlet | Found a transporter.
 26122 | Gauntlet | Identified the amulet of Butchery {Acrobat rC+ Stlth+}
 26240 | D:15     | Found a staircase to the Depths.
 26415 | D:15     | Reached XP level 17. HP: 116/140 MP: 26/26
 27038 | Snake:1  | Entered Level 1 of the Snake Pit
 27921 | Snake:1  | Reached skill level 15 in Fighting
 28267 | Snake:2  | Found a transporter.
 28267 | Snake:2  | Found a transporter.
 28280 | Snake:2  | Found a one-way gate to the infinite horrors of the Abyss.
 28393 | Snake:2  | Noticed Donald
 28406 | Snake:2  | Killed Donald
 28499 | Snake:2  | Noticed dontdoit's ghost (adept DEEE)
 28560 | Snake:2  | Identified the staff of fire "Sewk" {rF+ rCorr Int+3 Dex+4}
 28821 | Snake:2  | Noticed Agnes
 28831 | Snake:2  | Killed Agnes
 29280 | Snake:2  | Reached XP level 18. HP: 88/151 MP: 23/28
 29360 | Snake:2  | You fall into a shaft and drop 1 floor!
 29370 | Snake:3  | Found a shimmering blue altar of Sif Muna.
 29496 | Snake:3  | Reached skill level 10 in Armour
 29544 | Snake:3  | Noticed Vashnia
 29557 | Snake:3  | Killed Vashnia
 29558 | Snake:3  | Reached skill level 15 in Dodging
 29626 | Snake:3  | Found a transporter.
 29652 | Snake:3  | Noticed ERRORd11's ghost (adept FoHu)
 29655 | Snake:3  | Found a transporter.
 29660 | Snake:3  | Found Kuck's Magic Scroll Shoppe.
 29668 | Snake:3  | Bought a scroll of acquirement for 936 gold pieces
 29668 | Snake:3  | Acquired the scarf of Uxemible {repulsion, Regen+ MP+9}
 29832 | Snake:3  | Noticed Aizul
 29841 | Snake:3  | Killed Aizul
 29970 | Snake:3  | Identified the +5 sling of the Distant Future {flame,
                  | Int+3}
 30616 | Snake:3  | Killed ERRORd11's ghost
 30730 | Snake:4  | Entered Level 4 of the Snake Pit
 30945 | Snake:4  | Found a transporter.
 30945 | Snake:4  | Noticed heathens's ghost (adept MiBe)
 30969 | Snake:4  | Found a transporter.
 31004 | Snake:4  | Found Vewitex's Book Boutique.
 31163 | Snake:4  | Reached XP level 19. HP: 161/161 MP: 29/29
 31261 | Snake:4  | Noticed Mlioglotl
 31268 | Snake:4  | Killed Mlioglotl
 31735 | Snake:4  | Noticed Nikola
 31743 | Snake:4  | Reached skill level 15 in Armour
 31746 | Snake:4  | Killed Nikola
 31760 | Snake:4  | Noticed Saint Roka
 31769 | Snake:4  | Killed Saint Roka
 31845 | Snake:4  | Got a serpentine rune of Zot
 32136 | Snake:4  | Killed heathens's ghost
 32140 | Snake:4  | Reached skill level 10 in Shields
 32175 | Snake:4  | Identified the ring of Haebih {rN+ MP+9 Int+3}
 32287 | Snake:2  | Killed dontdoit's ghost
 32372 | Snake:2  | Identified the +1 pair of boots "Zodexzek" {rPois rC+ rCorr
                  | SInv}
 32527 | Shoals:1 | Entered Level 1 of the Shoals
 32724 | Shoals:1 | Reached XP level 20. HP: 167/170 MP: 30/30
 33356 | Shoals:2 | Noticed Frances
 33407 | Shoals:2 | Killed Frances
 33430 | Shoals:2 | Found a runed translucent door.
 33434 | Shoals:2 | Found a corrupted altar of Lugonu.
 33582 | Shoals:2 | Noticed Louise
 33592 | Shoals:2 | Killed Louise
 33745 | Shoals:2 | Reached skill level 15 in Shields
 34249 | Shoals:3 | Identified the ring "Biem" {rPois rF+}
 34577 | Shoals:4 | Entered Level 4 of the Shoals
 34622 | Shoals:4 | Noticed Ilsuiw
 34633 | Shoals:4 | Killed Ilsuiw
 34748 | Shoals:4 | Noticed Polyphemus
 34762 | Shoals:4 | Killed Polyphemus
 34943 | Shoals:4 | Got a barnacled rune of Zot
 35192 | Shoals:4 | Reached XP level 21. HP: 160/177 MP: 31/31
 35261 | Shoals:4 | Identified the -1 cloak "Nisil" {Harm rN+ Int+3 Dex-4}
 35842 | Vaults:1 | Entered Level 1 of the Vaults
 37033 | Vaults:2 | Found a transporter.
 37033 | Vaults:2 | Found a transporter.
 37033 | Vaults:2 | Noticed dontdoit's ghost (adept KoBr)
 37182 | Vaults:2 | Found a transporter.
 37224 | Vaults:2 | Found a transporter.
 38088 | Vaults:3 | Found a crumbling gateway.
 38105 | Desolati | Entered the Desolation of Salt
 38150 | Desolati | HP: 4/180 [halazid warlock (7)]
 38159 | Desolati | Reached XP level 22. HP: 33/187 MP: 17/32
 38160 | Desolati | Killed from afar by a ragged hierophant

Illustrated notes

Levels and vault maps discovered:
D:1:      ebering_hopf_link, layout_loops_ring, chequers_ecumenical_altar_twisty
D:2:      layout_basic, st_stairs_10, minmay_snake_closets, uniq_natasha,
          uniq_robin, uniq_crazy_yiuf_cottage
D:3:      layout_basic, serial_bayou_ford_a, minmay_cut_off, uniq_ijyb
D:4:      layout_basic, grunt_ministairs_14, minivault_27, hellmonk_no_cap
D:5:      layout_loops_corners, minmay_temple_entry_butterflies,
          ebering_ghost_reflecting_pool
D:6:      layout_basic, elyvilon_altar_5, st_stairs_13, minmay_pentangle
D:7:      layout_basic, mainiacjoe_overflow_alcove_1, serial_shops,
          nicolae_square_shop, kennysheep_potato
D:8:      layout_loops_corners, lair_entry_dummy, serial_shops,
          kennysheep_little_box
D:9:      layout_big_octagon, mainiacjoe_overflow_alcove_2, serial_shops, shop,
          minivault_26, hangedman_ranch
D:10:     erik_rubicon_a, layout_gridville, mainiacjoe_overflow_tiny_flanked
D:11:     layout_loops_ring, david_orc_4
D:12:     layout_loops_corners
D:13:     layout_roguey, serial_shops, nicolae_shop_advertising_works
          [nicolae_subvault_shop_adworks], minivault_24, serial_bayou_lagoon_a,
          uniq_lodul
D:14:     layout_basic, david_vaults_3, minmay_misc_feat_x,
          serial_park_tiny_pond, hangedman_abyss_or_decor_stagger
D:15:     grunt_enter_depths_magical_seal, layout_irregular_city,
          gauntlet_entry_generic, chequers_serial_rivers_marsh,
          grunt_ministairs_4, st_stairs_3, uniq_kirke
Temple:   compressed_dpeg_circular_temple
Lair:1:   layout_gridlike, lemuel_fruit_tree
Lair:2:   layout_cave_pods
Lair:3:   nzn_motion_control, layout_hall_layers, nicolae_shoals_entry_roost,
          minmay_snake_entry_six_corridors, uniq_snorg
Lair:4:   layout_long_grid, enter_volcano_3, minmay_lair_oklob_items,
          grunt_megastairs_5
Lair:5:   evilmike_catoblepas_cave, layout_cave_pods, slime_entry_1,
          serial_forest, infiniplex_forest_split, infiniplex_forest_clump_small,
          infiniplex_forest_lined_room_, infiniplex_forest_clump_small,
          infiniplex_forest_zigzag_2
Shoals:1: layout_shoals, st_sunken_temple
Shoals:2: layout_shoals, nicolae_shoals_abyss_on_the_beach, uniq_louise,
          uniq_frances
Shoals:3: layout_shoals
Shoals:4: shoals_end_grunt_ice, layout_shoals, shoals_ilsuiw_ice,
          uniq_polyphemus
Snake:1:  layout_concentric_octagons, nicolae_snake_gridmaze_big_u,
          nicolae_snake_naga_rites
Snake:2:  nicolae_cobra_stairs, layout_honeycomb,
          gammafunk_ghost_abyssal_escape, serial_bayou_lake_a, uniq_agnes,
          uniq_donald
Snake:3:  layout_grid_maze, serial_shops, shop_fountains, basic_altar,
          gammafunk_ghost_arena, uniq_aizul, uniq_vashnia
Snake:4:  minmay_snake_end_coiled, layout_cave_pods, gammafunk_ghost_arena,
          serial_shops, shop_statue, uniq_mlioglotl, uniq_nikola,
          uniq_saint_roka
Orc:1:    layout_caves, serial_shops, nicolae_shop_bloodbath_and_beyond
Orc:2:    st_orc_congregation, layout_diamond_mine
Vaults:1: nicolae_vaults_three_branches, vaults_dpeg_diagonal,
          grunt_vaults_hallway_long, ontoclasm_vaults_ligature,
          vaults_dpeg_ring, v_alt_pattern_1, vaults_dpeg_cross,
          layout_vaults_omnigrid
Vaults:2: gammafunk_ghost_mausoleum, gammafunk_dig_for_victory,
          grunt_vaults_diagonal, v_rooms_1, ontoclasm_vaults_twist,
          vaults_mumra_hex, v_misc_15, layout_vaults_omnicross
Vaults:3: portal_desolation_entry_nicolae_slug,
          vaults_mumra_minichess_inversion, minmay_crypt_entry_simple_round,
          hangedman_vaults_snaps, vaults_room_grid, hangedman_vaults_unwind,
          ontoclasm_vaults_ring_square, v_misc_29, v_misc_26,
          hangedman_vaults_stream, vaults_room_guarded_vault,
          layout_vaults_omnibox
Desolation

Skill      XL: |  1  2  3  4  5  6  7  8  9 10 11 12 13 14 15 16 17 18 19 20 21 |
---------------+----------------------------------------------------------------+-----
Stealth        | 2 3 4 5 6 8 |  8.0
Armour         | 1 2 3 4 5 6 8 9 12 16 | 16.0
Ranged Weapons | 5 6 7 8 10 12 13 14 15 16 17 18 19 | 19.7
Fighting       | 3 4 5 6 7 8 10 12 14 16 17 18 19 | 19.0
Dodging        | 2 3 4 5 6 7 8 12 14 16 | 16.0
Invocations    | 5 10 11 12 13 14 | 14.0
Shields        | 5 6 7 8 12 18 19 | 19.4
Evocations     | 4 5 6 8 |  8.0

Action                     |  1- 3 |  4- 6 |  7- 9 | 10-12 | 13-15 | 16-18 | 19-21 | 22-24 || total
---------------------------+-------+-------+-------+-------+-------+-------+-------+-------++-------
  Melee: Dagger            |       |       |       |     5 |       |       |       |       ||     5
   Fire: Shortbow          |    95 |   151 |   413 |    63 |       |       |       |       ||   722
         Arbalest          |       |       |       |   400 |   872 |    35 |       |       ||  1307
         Longbow           |       |       |       |       |       |   850 |  1347 |       ||  2197
  Throw: Dart              |       |       |       |     4 |     3 |     1 |     1 |       ||     9
         Throwing net      |       |       |       |     1 |       |       |       |       ||     1
 Invoke: Grow Ballistomyce |       |       |       |     9 |     7 |    10 |     6 |       ||    32
         Wall of Briars    |       |       |       |     2 |     4 |     2 |     4 |       ||    12
         Grow Oklob        |       |       |       |       |     3 |     7 |     4 |       ||    14
         Overgrow          |       |       |       |       |       |     2 |     2 |       ||     4
Ability: Dig               |       |       |       |     4 |     4 |     3 |     1 |       ||    12
         Shaft Self        |       |       |       |       |       |     1 |       |       ||     1
  Evoke: Wand              |       |       |       |    15 |     3 |     2 |       |       ||    20
         Phial of floods   |       |       |       |     1 |       |       |     2 |       ||     3
         Lightning rod     |       |       |       |       |       |       |     2 |     2 ||     4
    Use: Scroll            |       |     5 |     4 |     7 |     2 |    11 |     2 |       ||    31
         Potion            |       |       |     1 |     9 |       |     3 |    12 |       ||    25
   Stab: Held in net/web   |       |       |       |     1 |       |       |       |       ||     1
 Armour: Leather armour    |     7 |    14 |    52 |    32 |       |       |       |       ||   105
         Troll leather arm |       |       |       |       |    68 |    22 |    39 |     3 ||   132
         Scale mail        |       |       |       |       |       |    12 |     3 |       ||    15
  Dodge: Dodged            |    24 |    32 |   133 |   124 |   289 |   284 |   349 |    12 ||  1247
         Repelled          |       |       |       |       |       |     4 |     6 |       ||    10
  Block: Buckler           |       |       |       |       |   150 |   132 |    12 |       ||   294
         Tower shield      |       |       |       |       |       |       |   581 |     7 ||   588

Table legend: (Time is in decaauts)
 A = Elapsed time spent in this place.
 B = Non-inter-level travel time spent in this place.
 C = Inter-level travel time spent in this place.
 D = Time resting spent in this place.
 E = Time spent auto-exploring this place.
 F = Levels seen in this place.
 G = Mean time per level.
                   A        B        C        D        E       F      G
               +--------+--------+--------+--------+--------+-----+--------+
         Total |  38604 |  35184 |   3420 |   2473 |  22103 |  37 | 1043.4 |
       Dungeon |  18310 |  16608 |   1702 |   1548 |  10697 |  15 | 1220.7 |
        Temple |     60 |     36 |     24 |      0 |     18 |   1 |   60.0 |
          Lair |   5750 |   5159 |    591 |    186 |   3477 |   5 | 1150.0 |
        Shoals |   3365 |   3193 |    172 |     67 |   2187 |   4 |  841.2 |
     Snake Pit |   5351 |   4901 |    450 |    204 |   3078 |   4 | 1337.8 |
  Orcish Mines |   2525 |   2156 |    369 |    349 |    992 |   2 | 1262.5 |
        Vaults |   2188 |   2079 |    109 |      0 |   1597 |   3 |  729.3 |
       Volcano |    573 |    573 |      0 |    102 |     39 |   1 |  573.0 |
    Desolation |     51 |     51 |      0 |      0 |      0 |   1 |   51.0 |
      Gauntlet |    425 |    425 |      0 |     16 |     16 |   1 |  425.0 |
               +--------+--------+--------+--------+--------+-----+--------+

Top non-repeatable levels by time:
    D:10: 2087 daAuts
     D:2: 2052 daAuts
   Orc:2: 1808 daAuts
  Lair:5: 1686 daAuts
    D:11: 1652 daAuts
 Snake:2: 1605 daAuts
 Snake:4: 1485 daAuts
     D:5: 1443 daAuts
     D:6: 1380 daAuts
     D:9: 1337 daAuts
     D:7: 1315 daAuts
     D:8: 1276 daAuts
 Snake:1: 1197 daAuts
  Lair:2: 1153 daAuts
 Snake:3: 1062 daAuts
